 Dungeon Crawl Stone Soup version 0.28-a0-769-g550dbda0cd (webtiles) character file.

Game seed: 13017958689281209913

5751 Woods the Martial Artist (level 11, 0/76 HPs)
             Began as a Djinni Transmuter on Nov 1, 2021.
             Was a Believer of Makhleb.
             Shot with a sling bullet by Joseph (3 damage)
             ... on level 8 of the Dungeon.
             The game lasted 00:16:31 (14651 turns).

Woods the Martial Artist (Djinni Transmuter)       Turns: 14651, Time: 00:16:33

Health: 0/76       AC:  2    Str:  9    XL:     11   Next: 5%
Gold:   233        EV: 22    Int: 18    God:    Makhleb [**....] SH:  0 Dex: 19

rFire   . . .      SeeInvis .     - Unarmed
rCold   . . .      Faith    .   (shield currently unavailable)
rNeg    + . .      Spirit   .   (armour currently unavailable)
rPois   ∞          Reflect  .   (helmet currently unavailable)
rElec   .          Harm     .   (cloak currently unavailable)
rCorr   .          Rampage  .   (gloves currently unavailable)
Will    +....                   (boots unavailable)
Stlth   +++.......              (no amulet)
HPRegen 0.22/turn               j - ring of positive energy
MPRegen 0.00/turn               (no ring)

@: spider-form, flying
A: venomous fangs, flying, sickness immunity, tiny, (fire resistance 2), (cold
vulnerability 1), float, innate caster, hp casting, extra vitality 1
a: End Transformation, Renounce Religion, Minor Destruction


You were on level 8 of the Dungeon.
You worshipped Makhleb.
Makhleb was pleased with you.
You were a venomous arachnid creature.
You visited 1 branch of the dungeon, and saw 8 of its levels.
You also visited: Sewer.

You collected 437 gold pieces.
You spent 204 gold pieces at shops.

Inventory:

Armour
 a - a +0 robe (melded)
Jewellery
 j - a ring of positive energy (left front leg)
 n - a ring of see invisible
Wands
 p - a wand of polymorph (5)
 r - a wand of mindburst (18)
 v - a wand of acid (14)
 z - a wand of iceblast (7)
 A - a wand of digging (3)
Scrolls
 c - a scroll of magic mapping
 d - 6 scrolls of teleportation
 g - 3 scrolls of blinking
 l - a scroll of vulnerability {unknown}
 q - a scroll of fear {unknown}
 s - a scroll of immolation {unknown}
 t - a scroll of holy word {unknown}
 u - 3 scrolls of amnesia
 w - a scroll of identify
 x - 2 scrolls of noise {unknown}
 y - 2 scrolls of enchant weapon
 C - a scroll of enchant armour {unknown}
Potions
 b - 2 potions of brilliance
 e - a potion of degeneration {unknown}
 f - 2 potions of cancellation
 h - a potion of mutation {unknown}
 i - a potion of lignification {unknown}
 k - 5 potions of curing
 m - a potion of might {unknown}
 o - 3 potions of invisibility {unknown}
 B - a potion of heal wounds
 D - a potion of attraction {unknown}


   Skills:
 - Level 6.0 Fighting
 - Level 5.0 Dodging
 - Level 5.0 Stealth
 - Level 8.0 Unarmed Combat
 + Level 7.3 Spellcasting
 - Level 5.0 Invocations


You had 2 spell levels left.
You knew the following spells:

 Your Spells              Type           Power      Damage    Failure   Level
a - Beastly Appendage     Tmut           64%        N/A       3%          1
b - Wereblood             Tmut           32%        N/A       4%          2
c - Spider Form           Tmut/Pois      16%        N/A       7%          3
d - Ice Form              Ice/Tmut       32%        N/A       16%         4
e - Pain                  Necr           100%       1d9       3%          1
f - Poisonous Vapours     Pois/Air       64%        N/A       4%          2
g - Ensorcelled Hibernat  Hex/Ice        64%        N/A       4%          2
h - Teleport Other        Tloc           32%        N/A       7%          3
i - Leda's Liquefaction   Hex/Erth       16%        N/A       16%         4
Your spell library was empty.

Dungeon Overview and Level Annotations

Branches:
Dungeon (8/15)             Temple (0/1) D:6           Sewer (visited)
   Lair: D:8-11

Altars:
Makhleb
Vehumet
The Shining One

Shops:
D:7 *   D:8 [

Annotations:
D:5 3 runed translucent doors, NormTheNord's ghost, novice PaFi
D:8 Joseph


Innate Abilities, Weirdness & Mutations

You are a venomous arachnid creature.
You have poisonous fangs.
You are tiny and dextrous.
You are flying.
Your spellcasting is less reliable in this form.
Your armour is entirely melded.
You are incapable of wielding weapons or throwing items.
You are immune to sickness and miasma.
You are immune to poison.
((Your flesh is very heat resistant. (rF++)))
((You are vulnerable to cold. (rC-)))
You float through the air rather than walking.
You learn spells naturally, not from books.
Your magical power is your life essence.
You have superior vitality. (+4 HP)


Message History

You turn into a venomous arachnid creature.
Your +0 robe melds into your body.
You hit Joseph.
Joseph is poisoned.
Joseph is lightly wounded.
Joseph unwields a +5 hunting sling of freezing.
Joseph wields a +0 quarterstaff.
Joseph hits you with a +0 quarterstaff.
You hit Joseph.
Joseph looks as sick as possible!
Joseph is lightly wounded.
Joseph completely misses you.
You hit Joseph but do no damage.
Joseph looks as sick as possible!
Joseph is lightly wounded.
Joseph closely misses you.
You hit Joseph.
Joseph is lightly wounded.
Joseph completely misses you.
You hit Joseph but do no damage.
Joseph is lightly wounded.
Joseph hits you with a +0 quarterstaff!
You hit Joseph.
Joseph looks as sick as possible!
Joseph is moderately wounded.
You bite Joseph!
Joseph is heavily wounded.
Joseph closely misses you.
The bullfrog croaks.
You hit Joseph but do no damage.
Joseph looks as sick as possible!
Joseph is heavily wounded.
Joseph hits you with a +0 quarterstaff!!
* * * LOW HITPOINT WARNING * * *
You feel much better. Joseph closely misses you.
You hit Joseph.
Joseph looks as sick as possible!
Joseph is heavily wounded.
Joseph hits you with a +0 quarterstaff!
* * * LOW HITPOINT WARNING * * *
Joseph unwields a +0 quarterstaff.
Joseph wields a +5 hunting sling of freezing.
It is covered in frost.
Joseph shoots a sling bullet.
The sling bullet hits you!
* * * LOW HITPOINT WARNING * * *
The sling bullet freezes you.
You die...

#.# #.# #.... .... ###.#
##.... ##...## #...# #.....
##.....( #...# +....#
#....... #...# #....#
#.......
#...#####....###.......
#...+.s.#.....##.......
#+####...###.##.............
#.....######@##............#
###.# #.F......#.....#.. #.#
#......#######.... #.#
#.....[# #..##
##§#####......# .....#
#§.......(....# #####..
#.F...........# ###.


You could see Joseph (extremely poisoned) and a bullfrog.

Vanquished Creatures
  A wyvern (D:8)
  15 yaks
  A water moccasin (D:7)
  2 orc warriors (D:7)
  2 black bears
  A hornet zombie (D:8)
  3 ice beasts (D:6)
  2 ogres
  2 phantoms (D:5)
  A centaur (D:7)
  5 kobold brigands (Sewer)
  4 bullfrogs
  A scorpion (D:4)
  5 killer bees (D:7)
  A howler monkey (D:6)
  5 wights (D:8)
  A crimson imp (D:4)
  A centaur zombie (D:6)
  A bullfrog zombie (D:6)
  3 jellies
  3 orc priests
  2 hounds (D:5)
  5 centaur skeletons
  3 bullfrog skeletons
  5 iguanas
  5 orc wizards
  A howler monkey zombie (D:4)
  14 adders
  A river rat (Sewer)
  A white imp (D:7)
  An adder skeleton (D:4)
  4 worms
  2 dart slugs (D:3)
  14 orcs
  3 bats
  7 endoplasms
  4 giant cockroaches
  3 goblins
  7 hobgoblins
  8 jackals
  2 quokkas
  17 ball pythons
  15 frilled lizards
  9 kobolds
  6 rats
199 creatures vanquished.

Vanquished Creatures (others)
  7 plants
7 creatures vanquished.

Grand Total: 206 creatures vanquished

Notes
Turn   | Place    | Note
-------+----------+-------------------------------------------
     0 | D:1      | Woods the Djinni Transmuter began the quest for the Orb.
     0 | D:1      | Reached XP level 1. HP: 17/17 MP: 0/0
    24 | D:1      | Found a faded altar of an unknown god.
   440 | D:1      | Reached XP level 2. HP: 20/22 MP: 0/0
  1281 | D:1      | Reached XP level 3. HP: 21/28 MP: 0/0
  1281 | D:1      | Learned a level 1 spell: Pain
  2277 | D:2      | Reached XP level 4. HP: 34/34 MP: 0/0
  2873 | D:3      | Reached skill level 4 in Unarmed Combat
  3741 | D:4      | Reached XP level 5. HP: 36/40 MP: 0/0
  3741 | D:4      | Learned a level 2 spell: Poisonous Vapours
  3771 | D:4      | Noticed a yak
  3771 | D:4      | Noticed a yak
  3771 | D:4      | Noticed a yak
  4076 | D:4      | Reached XP level 6. HP: 42/47 MP: 0/0
  4309 | D:4      | Noticed a yak
  4309 | D:4      | Noticed a yak
  4310 | D:4      | Noticed a yak
  4579 | D:4      | Reached skill level 5 in Unarmed Combat
  5188 | D:4      | Found a glowing golden altar of the Shining One.
  5380 | D:4      | Found a burning altar of Makhleb.
  5407 | D:4      | Became a worshipper of Makhleb the Destroyer
  5634 | D:4      | Killed a yak
  5635 | D:4      | Reached XP level 7. HP: 14/52 MP: 0/0
  5635 | D:4      | Learned a level 2 spell: Ensorcelled Hibernation
  5896 | D:4      | Killed a yak
  6290 | D:3      | Killed a yak
  6291 | D:3      | Reached XP level 8. HP: 42/58 MP: 0/0
  6466 | D:3      | Killed a yak
  6467 | D:3      | Reached skill level 5 in Spellcasting
  6611 | D:3      | Killed a yak
  6823 | D:4      | Killed a yak
  7358 | D:5      | Entered Level 5 of the Dungeon
  7667 | D:5      | Found a glowing drain.
  7708 | D:5      | Reached skill level 5 in Fighting
  7714 | Sewer    | Entered a sewer
  7816 | Sewer    | Reached XP level 9. HP: 60/65 MP: 0/0
  7816 | Sewer    | Learned a level 3 spell: Teleport Other
  7909 | Sewer    | Reached skill level 6 in Unarmed Combat
  8500 | Sewer    | Reached * piety under Makhleb
  9019 | D:5      | Noticed NormTheNord's ghost (novice PaFi)
  9052 | D:5      | Found a runed translucent gate.
  9052 | D:5      | Found a runed translucent gate.
  9052 | D:5      | Found a runed translucent gate.
  9173 | D:5      | Reached skill level 7 in Unarmed Combat
  9858 | D:6      | Reached skill level 5 in Dodging
 10092 | D:6      | Reached skill level 8 in Unarmed Combat
 10109 | D:6      | Reached skill level 1 in Stealth
 10109 | D:6      | Reached skill level 1 in Invocations
 10109 | D:6      | Reached XP level 10. HP: 55/72 MP: 0/0
 10694 | D:6      | Found a staircase to the Ecumenical Temple.
 11259 | D:7      | Reached ** piety under Makhleb
 12355 | D:7      | Found Ydyzonau's General Store.
 12362 | D:7      | Bought 2 potions of heal wounds for 120 gold pieces
 12362 | D:7      | Bought a scroll of identify for 24 gold pieces
 12362 | D:7      | Bought a scroll of identify for 24 gold pieces
 12362 | D:7      | Bought a scroll of teleportation for 36 gold pieces
 12941 | D:8      | Reached skill level 5 in Invocations
 13013 | D:7      | Reached skill level 5 in Stealth
 13734 | D:8      | Found Jilenny's Antique Armour Shop.
 14185 | D:8      | Reached XP level 11. HP: 71/76 MP: 0/0
 14185 | D:8      | Learned a level 4 spell: Leda's Liquefaction
 14620 | D:8      | Noticed Joseph
 14651 | D:8      | HP: 3/76 [Joseph/sling bullet (17)]
 14651 | D:8      | Shot with a sling bullet by Joseph

Illustrated notes

Levels and vault maps discovered:
D:1:      minmay_arrival_stair_chambers, layout_loops_ring,
          shapermc_ecumenical_altar_venn, minmay_door_square
D:2:      layout_rooms, minmay_shallow_snake_nest
D:3:      layout_loops_ring, minmay_curled_crystal, kennysheep_generic_room_15
D:4:      layout_basic, nicolae_tso_swordbearing_angel,
          grunt_temple_overflow_lords_of_destruction, minmay_lizard_king
D:5:      layout_loops_corners, gammafunk_ghost_split, gup_sewer_entry_glass
D:6:      layout_basic, minmay_temple_entry_fiery
D:7:      minmay_recursive_quarters, layout_rooms, serial_shops, shop
D:8:      layout_basic, serial_shops, nicolae_shop_window_shopping, uniq_joseph

Skill      XL: |  1  2  3  4  5  6  7  8  9 10 |
---------------+-------------------------------+-----
Fighting       | 2 3 4 5 6 |  6.0
Unarmed Combat | 4 5 8 |  8.0
Spellcasting   | 3 4 5 6 7 |  7.3
Dodging        | 3 5 |  5.0
Stealth        | 1 5 |  5.0
Invocations    | 1 5 |  5.0

Action                   |  1- 3 |  4- 6 |  7- 9 | 10-12 || total
-------------------------+-------+-------+-------+-------++-------
Melee: Unarmed           |   111 |   157 |   292 |   244 ||   804
       Headbutt          |    19 |    18 |       |       ||    37
       Punch             |       |     1 |       |       ||     1
 Cast: Beastly Appendage |    23 |    20 |       |       ||    43
       Wereblood         |     2 |     2 |     1 |     1 ||     6
       Poisonous Vapours |       |    13 |       |     1 ||    14
       Spider Form       |       |     2 |    34 |    26 ||    62
       Ice Form          |       |       |       |     6 ||     6
 Abil: End Transformatio |       |       |     1 |       ||     1
  Use: Scroll            |       |       |     5 |     3 ||     8
       Potion            |       |       |       |     1 ||     1
 Stab: Sleeping          |     4 |     1 |     2 |       ||     7
Armor: Robe              |    19 |    11 |     2 |       ||    32
       Skin              |       |       |    14 |    23 ||    37
Dodge: Dodged            |    88 |    78 |   209 |   188 ||   563

Table legend: (Time is in decaauts)
 A = Elapsed time spent in this place.
 B = Non-inter-level travel time spent in this place.
 C = Inter-level travel time spent in this place.
 D = Time resting spent in this place.
 E = Time spent auto-exploring this place.
 F = Levels seen in this place.
 G = Mean time per level.
                   A        B        C        D        E       F      G
               +--------+--------+--------+--------+--------+-----+--------+
         Total |  14566 |  14139 |    427 |   4834 |   6750 |   9 | 1618.4 |
       Dungeon |  13633 |  13206 |    427 |   4820 |   6029 |   8 | 1704.1 |
         Sewer |    932 |    932 |      0 |     14 |    721 |   1 |  932.0 |
               +--------+--------+--------+--------+--------+-----+--------+

Top non-repeatable levels by time:
     D:4: 3140 daAuts
     D:8: 1877 daAuts
     D:7: 1877 daAuts
     D:3: 1616 daAuts
     D:1: 1590 daAuts
     D:5: 1370 daAuts
     D:6: 1172 daAuts
     D:2: 988 daAuts
   Sewer: 932 daAuts
